 Dungeon Crawl Stone Soup version 0.27-a0-394-g49c82dfaf2 (webtiles) character file.

Game seed: 8974300662356970992

1141 tilp the Insei (level 8, -18/56 HPs)
             Began as an Octopode Transmuter on Feb 20, 2021.
             Was an Initiate of Okawaru.
             Blown up by a centaur (32 damage)
             ... with a mindburst bolt
             ... on level 5 of the Dungeon.
             The game lasted 00:07:31 (5176 turns).

tilp the Insei (Octopode Transmuter)                Turns: 5176, Time: 00:07:31

Health: -18/56     AC:  1    Str: 10    XL:     8   Next: 37%
Magic:  8/11       EV: 16    Int: 17    God:    Okawaru [......]
Gold:   262        SH:  0    Dex: 18    Spells: 8/11 levels left

rFire    . . .     SeeInvis +     - Unarmed
rCold    . . .     Faith    .   (no shield)
rNeg     . . .     Spirit   .   (helmet currently unavailable)
rPois    .         Reflect  .   j - amulet of regeneration
rElec    .         Harm     .   f - ring of see invisible
rCorr    .         Rampage  .   h - +6 ring of dexterity
Will     .....                  (no ring)
Stlth    ++++......             (no ring)
HPRegen  1.18/turn              (no ring)
MPRegen  0.12/turn              (no ring)
                                (no ring)
                                (no ring)

@: appendages (expiring), wereblooded
A: almost no armour, stealthy swim, amphibious, 8 rings, constrict 8, tentacle
spike 3, camouflage 1, gelatinous body 1
a: End Transformation, Renounce Religion


You were on level 5 of the Dungeon.
You worshipped Okawaru.
Okawaru was noncommittal.
One of your tentacles had a temporary spike.
You visited 2 branches of the dungeon, and saw 6 of its levels.

You collected 262 gold pieces.

Inventory:

Missiles
 a - 6 atropa-tipped darts
 n - 12 poisoned darts (quivered)
 s - 5 boomerangs
Magical Staves
 e - a staff of conjuration
Jewellery
 f - a ring of see invisible (left tentacle)
 h - a +6 ring of dexterity (right tentacle)
 j - an amulet of regeneration (around mantle)
Wands
 d - a wand of polymorph (9)
Scrolls
 b - a scroll of amnesia
 k - a scroll of enchant weapon {unknown}
 l - a scroll of teleportation
 m - 2 scrolls of enchant armour {unknown}
 o - a scroll of fog {unknown}
 r - a scroll of random uselessness {unknown}
Potions
 c - a potion of curing {unknown}
 g - 2 potions of brilliance
 i - 2 potions of cancellation
 p - a potion of attraction {unknown}
 q - a potion of berserk rage {unknown}
 t - 2 potions of flight
 v - a potion of mutation {unknown}
 w - 2 potions of might


   Skills:
 + Level 5.4 Fighting
 + Level 4.1 Dodging
 - Level 4.0 Stealth
 + Level 7.0 Unarmed Combat
 - Level 2.0 Spellcasting
 - Level 2.0 Transmutations


You had 8 spell levels left.
You knew the following spells:

 Your Spells              Type           Power        Failure   Level
a - Beastly Appendage     Tmut           16%          9%          1
b - Wereblood             Tmut           8%           13%         2

Your spell library contained the following spells:

 Spells                   Type           Power        Failure   Level
 Spider Form              Tmut/Pois      2%           36%         3
 Ice Form                 Ice/Tmut       5%           77%         4
 Blade Hands              Tmut           4%           93%         5


Dungeon Overview and Level Annotations

Branches:
Dungeon (5/15)             Temple (1/1) D:4

Altars:
Cheibriados
Elyvilon
Fedhas
Gozag
Hepliaklqana
Kikubaaqudgha
Nemelex Xobeh
Okawaru
Ru
Trog
Xom
Yredelemnul
Zin
The Shining One

Shops:
D:4 (

Portals:
Ossuary: D:5


Innate Abilities, Weirdness & Mutations

You cannot wear most types of armour.
You are very stealthy in the water. (Stealth+)
You are amphibious.
You can wear up to eight rings at the same time.
You can use your tentacles to constrict eight enemies at once.
Your skin changes colour to match your surroundings (Stealth+).
Your rubbery body absorbs attacks. (AC +1, EV +1)
One of your tentacles bears a large vicious spike.


Message History

You destroy the necrophage!
Okawaru accepts your kill.
A hound comes into view.
The centaur zaps a wand.
You struggle to resist.
Your life force feels restored.
Your Dodging skill increases to level 4!
Your Unarmed Combat skill increases to level 7!
A leopard gecko comes into view.
The centaur hits you. The centaur closely misses you.
You closely miss the centaur. You tentacle-slap the centaur.
The centaur is lightly wounded.
The centaur misses you.
Casting: Beastly Appendage (safe; 9% risk of failure)
Confirm with . or Enter, or press ? or * to list all spells.
One of your tentacles grows a vicious spike.
Your transformation is almost over.
The centaur misses you.
Casting: Beastly Appendage (safe; 9% risk of failure)
Confirm with . or Enter, or press ? or * to list all spells.
Your blood is infused with primal strength.
The centaur closely misses you.
The centaur zaps a wand.
Your mind is blasted!
You tentacle-slap the centaur.
The centaur is moderately wounded.
The centaur zaps a wand.
You struggle to resist.
Unknown command.
You tentacle-slap the centaur but do no damage.
You pierce the centaur, but do no damage.
The centaur is moderately wounded.
The centaur zaps a wand.
Your mind is blasted!
Ouch! That really hurt!
* * * LOW HITPOINT WARNING * * *
The centaur closely misses you.
You tentacle-slap the centaur. You squeeze the centaur.
The centaur is heavily wounded.
The centaur closely misses you.
You tentacle-slap the centaur but do no damage.
The centaur is heavily wounded.
The centaur zaps a wand.
Your mind is blasted!
Ouch! That really hurt!
You die...

..##.###.##.### *,* *,**,,,**
####.# #.##...# *,*# *,*****,*
#.# #.####)# *,.## *,* **, * #.#
#.# #.###...#****,******, ***#.#
#.# #........,,,,,,,,,,*,
,≈,PP#*#.####..######,***,****,*,
P≈≈≈,≈*#.......#....#,* *,* *,*,
P≈≈≈≈≈≈######.h###..#,***,* **,*,
≈*≈≈≈≈≈* #.Sc@..∩#,,**,* *,,,,
≈**≈*≈≈** #.l###..#,,,*,***,,,,
≈≈**≈≈≈≈* **#..#....#,,,,,,,,,,,,
**≈**≈≈≈***....######,,,,,,,,,,,,
≈≈≈≈≈≈≈≈≈*#.....,,,,,,,*,,,,,,,,,
≈≈≈≈≈**≈≈.......*,***,**,,,**,,,*
≈,≈≈≈≈*≈≈.#.....*,* *,**,,,**,,,*
≈,**≈≈*≈P.#....,,** *,,,,,,,,,,**
*,***≈≈≈≈****,***,******,,,,,,,,,


You could see a centaur, a hound, an adder and a leopard gecko.

Vanquished Creatures
  Pikel (D:4)
  Grinder (D:4)
  A necrophage (D:5)
  An ogre (D:5)
  Blork the orc (D:4)
  A scorpion (D:4)
  An orc priest (D:3)
  Natasha (thrice) (D:3)
  A hound skeleton (D:5)
  6 adders
  A worm (D:3)
  3 dart slugs (D:1)
  4 leopard geckos
  8 orcs
  2 bats
  7 giant cockroaches
  2 gnoll zombies (D:3)
  6 goblins
  3 hobgoblins
  3 jackals (D:2)
  2 quokkas
  A ball python (D:2)
  A frilled lizard (D:3)
  A goblin zombie (D:5)
  8 kobolds
  A quokka zombie (D:5)
  4 rats
74 creatures vanquished.

Notes
Turn   | Place    | Note
-------+----------+-------------------------------------------
     0 | D:1      | tilp the Octopode Transmuter began the quest for the Orb.
     0 | D:1      | Reached XP level 1. HP: 13/13 MP: 3/3
    44 | D:1      | Reached skill level 1 in Stealth
   365 | D:1      | Reached XP level 2. HP: 18/18 MP: 5/5
   387 | D:1      | Learned a level 2 spell: Wereblood
  1055 | D:1      | Reached XP level 3. HP: 21/23 MP: 6/6
  2580 | D:3      | Reached XP level 4. HP: 29/29 MP: 5/7
  2725 | D:3      | Found a basalt altar of Yredelemnul.
  2934 | D:3      | Noticed Natasha
  2941 | D:3      | Killed Natasha
  2942 | D:3      | Reached skill level 4 in Unarmed Combat
  2942 | D:3      | Reached XP level 5. HP: 34/35 MP: 6/8
  3020 | D:3      | Noticed Natasha
  3213 | D:3      | Found a snail-covered altar of Cheibriados.
  3366 | D:3      | Killed Natasha
  3449 | D:3      | Noticed Natasha
  3458 | D:3      | Killed Natasha
  3693 | D:4      | Reached XP level 6. HP: 30/43 MP: 7/9
  3823 | D:4      | Noticed Grinder
  3828 | D:4      | Paralysed by Grinder for 5 turns
  3846 | D:4      | Killed Grinder
  3847 | D:4      | Reached skill level 5 in Unarmed Combat
  3847 | D:4      | Reached XP level 7. HP: 20/48 MP: 10/10
  4005 | D:4      | Noticed Pikel
  4018 | D:4      | Killed Pikel
  4019 | D:4      | Reached skill level 6 in Unarmed Combat
  4019 | D:4      | Reached XP level 8. HP: 54/54 MP: 11/11
  4152 | D:4      | Noticed Blork the orc
  4175 | D:4      | Found a staircase to the Ecumenical Temple.
  4226 | D:4      | Found Niukya's Weapon Shoppe.
  4272 | Temple   | Entered the Ecumenical Temple
  4718 | Temple   | Became a worshipper of Warmaster Okawaru
  4781 | D:4      | Reached skill level 5 in Fighting
  4784 | D:4      | Killed Blork the orc
  5052 | D:5      | Entered Level 5 of the Dungeon
  5148 | D:5      | Found a sand-covered staircase.
  5169 | D:5      | Reached skill level 7 in Unarmed Combat
  5176 | D:5      | Blown up by a centaur

Illustrated notes

Levels and vault maps discovered:
D:1:      dpeg_arrival_triangle_fractal, layout_basic, minmay_tromino_v7
D:2:      layout_basic
D:3:      layout_rooms, general_overflow_altar, lemuel_zombie_altar_yredelemnul,
          kennysheep_pointless_box, chequers_arboretum, grunt_decor_junction,
          uniq_natasha
D:4:      layout_loops_cross, minmay_temple_entry_poolview, serial_shops,
          nicolae_shop_statue_plus, hangedman_decor_growths, uniq_pikel,
          uniq_blork_the_orc, uniq_grinder
D:5:      layout_loops_ring, makhleb_blood_cavern_becter,
          gammafunk_temple_overflow_wave, enter_ossuary_4,
          serial_bayou_lagoon_a, kennysheep_generic_room_8
Temple:   minmay_temple_forest_path

Skill      XL: |  1  2  3  4  5  6  7  8 |
---------------+-------------------------+-----
Stealth        | 2 3 4 |  4.0
Fighting       | 2 3 4 5 |  5.4
Unarmed Combat | 4 5 6 7 |  7.0
Dodging        | 3 4 |  4.1
Spellcasting   | |  2.0
Transmutations | |  2.0

Action                   |  1- 3 |  4- 6 |  7- 9 || total
-------------------------+-------+-------+-------++-------
Melee: Unarmed           |    78 |    76 |    32 ||   186
       Constrict         |    23 |    26 |     7 ||    56
       Tentacles         |    12 |    20 |     7 ||    39
       Kick              |     6 |    25 |     8 ||    39
       Punch             |     1 |       |     1 ||     2
Throw: Stone             |    11 |       |       ||    11
       Dart              |       |    13 |     7 ||    20
 Cast: Beastly Appendage |     6 |    15 |     5 ||    26
       Wereblood         |     1 |     2 |     3 ||     6
  Use: Scroll            |     4 |     1 |     4 ||     9
       Potion            |       |       |     2 ||     2
 Stab: Sleeping          |     8 |     5 |     1 ||    14
       Confused          |       |       |     1 ||     1
Armor: Skin              |     5 |     2 |       ||     7
Dodge: Dodged            |    34 |    32 |    17 ||    83

Table legend: (Time is in decaauts)
 A = Elapsed time spent in this place.
 B = Non-inter-level travel time spent in this place.
 C = Inter-level travel time spent in this place.
 D = Time resting spent in this place.
 E = Time spent auto-exploring this place.
 F = Levels seen in this place.
 G = Mean time per level.
                   A        B        C        D        E       F      G
               +--------+--------+--------+--------+--------+-----+--------+
         Total |   5178 |   4833 |    345 |   1017 |   3091 |   6 |  863.0 |
       Dungeon |   4688 |   4416 |    272 |   1017 |   2676 |   5 |  937.6 |
        Temple |    490 |    417 |     73 |      0 |    415 |   1 |  490.0 |
               +--------+--------+--------+--------+--------+-----+--------+

Top non-repeatable levels by time:
     D:1: 1285 daAuts
     D:2: 1267 daAuts
     D:4: 1074 daAuts
     D:3: 939 daAuts
  Temple: 490 daAuts
     D:5: 121 daAuts
